 Dungeon Crawl Stone Soup version 0.21.0-24-g2553a33 (webtiles) character file.

240606 theElss the Bludgeoner (level 19, -15/125 HPs)
             Began as a Gargoyle Berserker on Jan 21, 2018.
             Was the Champion of Trog.
             Blown up by a great orb of eyes (29 damage)
             ... with a disintegration bolt
             ... on level 2 of the Depths on Jan 22, 2018.
             The game lasted 03:06:11 (43373 turns).

theElss the Bludgeoner (Gargoyle Berserker)        Turns: 43373, Time: 03:06:12

Health: -15/125    AC: 36    Str: 39    XL:     19   Next: 33%
Magic:  8/8        EV: 14    Int:  8    God:    Trog [******]
Gold:   3107       SH: 15    Dex:  9    Spells: 18/18 levels left

rFire    + + .     SeeInvis +   m - +3 morningstar (antimagic)
rCold    + . .     Gourm    +   V - +0 shield
rNeg     + + +     Faith    .   f - +6 chain mail "Firiylit" {Str+7}
rPois    ∞         Spirit   .   O - +1 helmet
rElec    +         Reflect  .   (no cloak)
rCorr    +         Harm     .   E - +1 pair of gloves
MR       +....     NoTele   +   e - +0 pair of boots
Stlth    ..........             F - amulet of the gourmand
HPRegen  1.30/turn              i - ring "Miplac" {rF+ rN++ Str+3}
MPRegen  0.11/turn              U - ring of see invisible

@: resistant, vulnerable, cannot translocate, corroded, flying, regenerating,
hasted and slowed
A: big wings, negative energy resistance 1, electricity resistance, unbreathing,
petrification resistance, rot immunity, AC +14
}: 2/15 runes: decaying, gossamer
a: Stop Flying, Berserk, Trog's Hand, Brothers in Arms, Burn Spellbooks,
Renounce Religion


You were on level 2 of the Depths.
You worshipped Trog.
Trog was exalted by your worship.
You were full.

You visited 6 branches of the dungeon, and saw 33 of its levels.
You also visited: Labyrinth and Bailey.

You collected 3917 gold pieces.
You spent 810 gold pieces at shops.

Inventory:

Hand Weapons
 a - the +6 morningstar "Wojio" {drain, rN+}
   (Trog gifted it to you on level 2 of the Lair of Beasts)

   A truly terrible weapon, it drains the life of those it strikes.
   It protects you from negative energy.
 b - the +5 hunting sling "Gargoyle's Regret" {velocity, rF++ rC- MR+++ Dex-4}
   (You found it on level 1 of the Swamp)

   Any stone fired from it inflicts extra damage.
   It affects your dexterity (-4).
   It greatly protects you from fire.
   It makes you vulnerable to cold.
   It affects your resistance to hostile enchantments.
 m - a +3 antimagic morningstar (weapon)
Missiles
 p - 941 stones (quivered)
Armour
 e - a +0 pair of boots (worn)
 f - the +6 chain mail "Firiylit" (worn) {Str+7}
   (You found it on level 7 of the Dungeon)

   It affects your strength (+7).
 E - a +1 pair of gloves (worn)
 O - a +1 helmet (worn)
 S - the +1 troll leather armour of Terydgha {+Blink Regen+ Str+3}
   (You took it off a kobold in a bailey)

   It affects your strength (+3).
   It lets you blink.
   It increases your rate of regeneration.
 V - a +0 shield (worn)
 Z - a +2 large shield
Jewellery
 i - the ring "Miplac" (left hand) {rF+ rN++ Str+3}
   (You found it on level 2 of the Swamp)

   [ring of strength]

   It affects your strength (+3).
   It protects you from fire.
   It greatly protects you from negative energy.
 y - a +4 ring of dexterity
 A - an uncursed ring of resist corrosion
 F - an amulet of the gourmand (around neck)
 U - a ring of see invisible (right hand)
Wands
 o - a wand of flame (114)
 r - a wand of digging (39)
Scrolls
 g - a scroll of identify
 j - a scroll of summoning
 k - 13 scrolls of teleportation
 n - 2 scrolls of silence
 x - 2 scrolls of holy word
 D - 4 scrolls of fear
 H - 4 scrolls of fog
 I - 12 scrolls of remove curse
 R - 8 scrolls of magic mapping
Potions
 d - 15 potions of curing
 h - 4 potions of agility
 L - a potion of resistance
 T - a potion of heal wounds
 Y - 2 potions of haste
Miscellaneous
 c - a sack of spiders
 s - a box of beasts
 P - a lamp of fire
 W - a lamp of fire
Comestibles
 v - 34 rations


   Skills:
 - Level 16.0 Fighting
 - Level 16.9 Maces & Flails
 * Level 9.0(9.8) Slings
 * Level 6.3(8.5) Throwing
 - Level 13.2 Armour
 - Level 9.6 Dodging
 - Level 0.4 Stealth
 - Level 15.0 Shields
 * Level 8.9 Evocations


You had 18 spell levels left.
You didn't know any spells.

Dungeon Overview and Level Annotations

Branches:
Dungeon (15/15)            Temple (0/1) D:6            Lair (6/6) D:9
  Swamp (4/4) Lair:4       Spider (4/4) Lair:3        Slime (0/5) Lair:5
    Orc (2/2) D:12            Elf (0/3) Orc:2        Vaults (0/5) D:13
 Depths (2/5) D:15

Altars:
Ashenzari
Dithmenos
Hepliaklqana
Okawaru
Ru
Sif Muna
Yredelemnul
The Shining One
Beogh

Shops:
D:8 [   D:13 *   Orc:2 (=[:

Portals:
Abyss: Depths:1

Annotations:
Depths:2 the Enchantress


Innate Abilities, Weirdness & Mutations

You are resistant to torment.
Your stone body is resilient. (AC +14)
You are immune to poison.
Your large and strong wings let you fly indefinitely.
You resist negative energy. (rN+)
You are resistant to electric shocks. (rElec)
You can survive without breathing.
You are immune to petrification.
You are immune to rotting.


Message History

You fly downwards.
A centaur warrior and a lich come into view.
The lich shouts!
The centaur warrior wields a shortbow.
The centaur warrior shoots an arrow.
You block the arrow.
The centaur warrior shoots an arrow.
The arrow hits you but does no damage.
Found a potion of ambrosia.
A stone giant comes into view.
There is a stone staircase leading up here.
You see here 2 arrows.
You are no longer firmly anchored in space.
The stone giant shouts!
The centaur warrior shoots an arrow.
The arrow hits you.
* * * LOW HITPOINT WARNING * * *
You block the spriggan defender's attack.
The Enchantress casts a spell at you.
You feel firmly anchored in space. The great orb of eyes gazes at you.
You are blasted!
You die...

...#.. ..#.. ... #.#.#
## ... #.#.# #####. ....
#.#.# ...#. .....#.#.#
#.#. .......#.#.#
####.#i###...........#).
....L#i@.............#(.
######.iG...............
#....##.........(...
....... ....########
......... ≈ #
#........... #
..........C.. #
!.c........... # #


You could see the Enchantress, a stone giant, a lich, a spriggan defender, a
great orb of eyes, a centaur warrior and a spriggan.

Vanquished Creatures
  Mara (Depths:1)
  Rupert (D:15)
  Asterion (Spider:1)
  Roxanne (Spider:3)
  A thorn hunter (Swamp:2)
  A frost giant (Depths:1)
  The ghost of plantmann the Warrior, an adept GrFi of the Shining One (Swamp:3)
  Louise (D:15)
  Aizul (Spider:1)
  4 ghost moths
  7 very ugly things
  6 emperor scorpions
  A stone giant (Depths:2)
  4 entropy weavers
  A spark wasp (Spider:4)
  An ettin (Depths:2)
  A minotaur (Lab)
  5 fire dragons
  2 merfolk javelineers (Depths:1)
  2 rakshasas
  3 ice dragons
  8 vault guards (D:13)
  22 hydras
  A ghost crab (Swamp:4)
  6 alligators
  3 catoblepae
  9 two-headed ogres
  A centaur warrior (D:15)
  3 tengu warriors
  A queen ant (Spider:1)
  An ogre mage (Depths:1)
  3 deep troll earth magi (D:15)
  A deep troll shaman (Lair:6)
  9 death yaks (Lair:6)
  An orc high priest (Orc:1)
  Nergalle (Lair:3)
  A fire crab (Swamp:4)
  2 glowing orange brains
  3 spriggan druids
  10 swamp dragons
  A deep troll (D:15)
  An unseen horror (D:11)
  A shambling mangrove (Swamp:4)
  A lindwurm (Swamp:4)
  9 orc knights
  16 orb spiders
  32 wolf spiders
  A wolf spider zombie (D:15)
  12 deep elf magi
  2 orc sorcerers
  6 ugly things
  4 cyclopes
  4 manticores
  14 elephants
  5 black mambas
  Psyche (D:12)
  21 spiny frogs
  5 gargoyles
  An eye of devastation (Lair:5)
  2 kobold demonologists (D:15)
  2 yaktaurs (Depths:1)
  5 komodo dragons
  6 rime drakes
  11 demonic crawlers
  2 tengu conjurers
  26 jumping spiders
  5 trolls
  2 polar bears (Lair:6)
  11 hornets
  4 tyrant leeches
  Grinder (D:3)
  Prince Ribbit (D:5)
  10 slime creatures (Swamp:3)
  16 hippogriffs
  13 blink frogs
  A meliai zombie (D:11)
  2 bog bodies
  A shadow (D:14)
  28 tarantellas
  4 spriggans (Swamp:4)
  8 water elementals
  11 wyverns
  70 redbacks
  Sigmund (D:3)
  Eustachio (D:4)
  A hog (shapeshifter) (D:13)
  A human (D:7)
  32 yaks
  8 basilisks
  4 hogs (D:7)
  5 hungry ghosts
  3 steam dragons
  17 vampire mosquitoes
  Menkaure (D:4)
  8 wargs
  29 swamp worms
  14 water moccasins
  11 insubstantial wisps
  11 porcupines
  2 hell hounds (D:9)
  24 soldier ants
  An acid dragon (D:14)
  Duvessa (D:4)
  53 orc warriors
  11 swamp drakes
  5 ice beasts
  2 eyes of draining
  A black bear (D:6)
  15 ogres
  2 phantoms
  2 sky beasts
  2 necrophages
  21 wolves
  9 boggarts
  6 centaurs
  21 crocodiles
  4 big kobolds (D:15)
  26 bullfrogs
  Dowan (D:4)
  3 scorpions
  3 killer bees (D:12)
  7 wights
  3 electric eels
  4 howler monkeys
  8 crimson imps
  2 lava snakes (Swamp:4)
  3 centaur zombies
  A bullfrog zombie (D:8)
  5 hounds
  20 orc priests
  A bullfrog skeleton (D:9)
  2 jellies
  3 centaur skeletons
  Natasha (thrice) (D:3)
  An iguana (D:10)
  Ijyb (D:4)
  30 worker ants
  25 orc wizards
  2 hound zombies (D:5)
  A howler monkey zombie (D:9)
  A worker ant zombie (D:5)
  Robin (D:3)
  9 gnolls
  11 adders
  2 shadow imps
  2 oozes
  2 adder skeletons
  An adder zombie (D:6)
  2 dart slugs
  6 leopard geckos
  131 orcs
  7 bats
  4 giant cockroaches
  14 goblins
  10 hobgoblins
  6 jackals
  2 quokkas (D:9)
  3 ball pythons
  5 frilled lizards
  A giant cockroach zombie (D:5)
  A jackal zombie (D:7)
  7 kobolds
  A quokka skeleton (D:6)
  2 quokka zombies (D:5)
  2 rats (D:1)
  A briar patch (Swamp:2)
  A fungus (Lair:2)
1230 creatures vanquished.

Vanquished Creatures (collateral kills)
  A hydra (Swamp:4)
  2 spriggan air magi (Depths:1)
  A lindwurm (Swamp:4)
  An orc knight (Orc:2)
  A gargoyle (D:10)
  A water elemental (Depths:1)
  2 orc warriors (Orc:2)
  An orc (Orc:2)
10 creatures vanquished.

Vanquished Creatures (others)
  A hydra (Swamp:4)
  An alligator (Swamp:4)
  2 orb spiders
  A redback (Spider:4)
  3 steam dragons (Swamp:4)
  4 swamp drakes (Swamp:4)
  A hound (D:14)
  An orc wizard (D:12)
  A briar patch (Swamp:2)
  8 fungi
  9 plants
32 creatures vanquished.

Grand Total: 1272 creatures vanquished

Notes
Turn   | Place    | Note
-------+----------+-------------------------------------------
     0 | D:1      | theElss the Gargoyle Berserker began the quest for the Orb.
     0 | D:1      | Reached XP level 1. HP: 14/14 MP: 1/1
   178 | D:1      | Reached XP level 2. HP: 18/19 MP: 2/2
   809 | D:2      | Reached XP level 3. HP: 23/23 MP: 3/3
   867 | D:2      | Found an iron altar of Okawaru.
  1086 | D:2      | Reached skill level 1 in Shields
  1495 | D:2      | Reached XP level 4. HP: 28/28 MP: 4/4
  1910 | D:3      | Found a shadowy altar of Dithmenos.
  2001 | D:3      | Reached ** piety under Trog
  2018 | D:3      | Reached XP level 5. HP: 31/32 MP: 5/5
  2241 | D:3      | Noticed Robin
  2256 | D:3      | Killed Robin
  2257 | D:3      | Noticed Sigmund
  2315 | D:4      | Noticed Ijyb
  2325 | D:4      | Killed Ijyb
  2370 | D:4      | Reached skill level 5 in Shields
  2370 | D:4      | Reached XP level 6. HP: 14/37 MP: 6/6
  2375 | D:4      | Noticed Dowan
  2377 | D:4      | Noticed Menkaure
  2384 | D:4      | HP: 2/57 [Menkaure (7)]
  2386 | D:4      | Killed Menkaure
  2394 | D:4      | Noticed Duvessa
  2453 | D:4      | Killed Duvessa
  2453 | D:4      | Reached skill level 5 in Maces & Flails
  2453 | D:4      | Reached XP level 7. HP: 30/44 MP: 7/7
  2484 | D:4      | Killed Dowan
  2601 | D:4      | Noticed Eustachio
  2646 | D:4      | Killed Eustachio
  3013 | D:5      | Entered Level 5 of the Dungeon
  3098 | D:5      | Reached skill level 5 in Fighting
  3154 | D:5      | Reached XP level 8. HP: 49/49 MP: 8/8
  3477 | D:5      | Reached *** piety under Trog
  3800 | D:5      | Found a shattered altar of Ashenzari.
  3921 | D:5      | Noticed Prince Ribbit
  4832 | D:5      | Found a shattered altar of Ashenzari.
  4893 | D:5      | Killed Prince Ribbit
  5144 | D:6      | Reached XP level 9. HP: 52/56 MP: 9/9
  5590 | D:6      | Found a staircase to the Ecumenical Temple.
  6215 | D:7      | Got a faintly humming chain mail
  6312 | D:7      | Reached skill level 10 in Maces & Flails
  6581 | D:7      | Reached **** piety under Trog
  6853 | D:7      | Reached XP level 10. HP: 55/64 MP: 10/10
  7013 | D:7      | Found a deep blue altar of Sif Muna.
  7244 | D:8      | Got a translucent flail
  7302 | D:8      | Found Daqarenete's Antique Armour Shoppe.
  7471 | D:8      | Bought a shiny helmet for 165 gold pieces
  7491 | D:8      | Found a hazy altar of Hepliaklqana.
  7502 | D:8      | Noticed a two-headed ogre
  7511 | D:8      | Killed a two-headed ogre
  7905 | D:8      | Noticed a two-headed ogre
  7914 | D:8      | Killed a two-headed ogre
  8459 | D:9      | Found a flagged portal.
  8506 | Bailey   | Entered a bailey
  8758 | Bailey   | Got a warped troll leather armour
  8776 | Bailey   | Identified the +1 troll leather armour of Terydgha {+Blink Regen+ Str+3} (You took it off a kobold in a bailey)
  8786 | Bailey   | Identified the +6 chain mail "Firiylit" {Str+7} (You found it on level 7 of the Dungeon)
  8819 | Bailey   | Found a bloodstained altar of Trog.
  8936 | D:9      | Found a sacrificial altar of Ru.
  9004 | D:9      | Noticed a two-headed ogre
  9022 | D:9      | Killed a two-headed ogre
  9022 | D:9      | Reached skill level 5 in Armour
  9022 | D:9      | Reached XP level 11. HP: 71/71 MP: 11/11
  9121 | D:9      | Found a glowing golden altar of the Shining One.
  9465 | D:9      | Found a staircase to the Lair.
  9487 | D:9      | Reached ***** piety under Trog
  9892 | D:3      | Found a basalt altar of Yredelemnul.
  9892 | D:3      | Found a shadowy altar of Dithmenos.
  9970 | D:3      | Noticed Grinder
  9992 | D:3      | Killed Grinder
 10075 | D:3      | Noticed Natasha
 10083 | D:3      | Killed Natasha
 10298 | D:3      | Killed Sigmund
 10315 | D:3      | Found a shadowy altar of Dithmenos.
 10347 | D:3      | Noticed Natasha
 10354 | D:3      | Killed Natasha
 10522 | D:3      | Found a basalt altar of Yredelemnul.
 10523 | D:3      | Found a shadowy altar of Dithmenos.
 10570 | D:3      | Noticed Natasha
 10574 | D:3      | Killed Natasha
 10716 | D:8      | Bought a pair of glowing gloves for 165 gold pieces
 10779 | D:10     | Entered Level 10 of the Dungeon
 12187 | D:11     | Received a gift from Trog
 12225 | D:11     | Reached skill level 5 in Dodging
 13040 | D:11     | Noticed a manticore
 13053 | D:11     | Killed a manticore
 13246 | D:11     | Noticed a two-headed ogre
 13257 | D:11     | Killed a two-headed ogre
 13257 | D:11     | Reached skill level 10 in Fighting
 13382 | D:11     | Noticed an unseen horror
 13394 | D:11     | Killed an unseen horror
 13394 | D:11     | Reached XP level 12. HP: 76/77 MP: 12/12
 14048 | D:12     | Found an iron altar of Okawaru.
 14241 | D:12     | Noticed Psyche
 14255 | D:12     | Killed Psyche
 14835 | D:12     | Found a staircase to the Orcish Mines.
 15458 | D:13     | Found Koaroih's Pet Rocks.
 15568 | D:13     | Identified the cursed +3 flail "Reetz" {freeze, +Blink Str-4 SInv Stlth+} (You found it on level 8 of the Dungeon)
 15608 | D:13     | Noticed a vault guard
 15608 | D:13     | Noticed a vault guard
 15608 | D:13     | Noticed a vault guard
 15609 | D:13     | Noticed a vault guard
 15609 | D:13     | Found a gate to the Vaults.
 15609 | D:13     | Noticed a vault guard
 15609 | D:13     | Noticed a vault guard
 15610 | D:13     | Noticed a vault guard
 15610 | D:13     | Noticed a vault guard
 15614 | D:13     | Killed a vault guard
 15622 | D:13     | Killed a vault guard
 15627 | D:13     | Killed a vault guard
 15638 | D:13     | Killed a vault guard
 15651 | D:13     | Killed a vault guard
 15662 | D:13     | Killed a vault guard
 15682 | D:13     | Killed a vault guard
 15682 | D:13     | Reached XP level 13. HP: 43/84 MP: 13/13
 15700 | D:13     | Killed a vault guard
 16631 | Lair:1   | Entered Level 1 of the Lair of Beasts
 17769 | Lair:2   | Reached skill level 10 in Armour
 18072 | Lair:2   | Received a gift from Trog
 18075 | Lair:2   | Reached skill level 15 in Maces & Flails
 18105 | Lair:2   | Got an iridescent morningstar {god gift}
 18108 | Lair:2   | Identified the +6 morningstar "Wojio" {drain, rN+} (Trog gifted it to you on level 2 of the Lair of Beasts)
 18871 | Lair:3   | Found a hole to the Spider Nest.
 19002 | Lair:3   | Noticed Nergalle
 19032 | Lair:3   | Killed Nergalle
 19275 | Lair:3   | Gained mutation: Your large and strong wings let you fly indefinitely. [Gargoyle growth]
 19275 | Lair:3   | Reached XP level 14. HP: 77/92 MP: 12/14
 20224 | Lair:4   | Received a gift from Trog
 20473 | Lair:4   | Found a staircase to the Swamp.
 20996 | Lair:5   | Found a staircase to the Slime Pits.
 21854 | Lair:6   | Entered Level 6 of the Lair of Beasts
 22395 | Lair:6   | Received a gift from Trog
 22634 | Lair:6   | Reached XP level 15. HP: 100/100 MP: 15/15
 23199 | Lair:6   | Identified Iskenderun's Guide on Confrontation
 23582 | Orc:1    | Entered Level 1 of the Orcish Mines
 24277 | Orc:2    | Entered Level 2 of the Orcish Mines
 24296 | Orc:2    | Received a gift from Trog
 24540 | Orc:2    | Found a staircase to the Elven Halls.
 24833 | Orc:2    | Found Leymur's Armour Boutique.
 24915 | Orc:2    | Found Gere Vestef's Book Emporium.
 24938 | Orc:2    | HP: 5/151 [orc warrior/mace (6)]
 25264 | Orc:2    | Found a roughly hewn altar of Beogh.
 25285 | Orc:2    | Reached ****** piety under Trog
 25460 | Orc:2    | Found Huoruwk's Antique Weapon Boutique.
 25460 | Orc:2    | Found Sirgh's Jewellery Emporium.
 25474 | Orc:2    | Bought an uncursed amulet of the gourmand for 480 gold pieces
 25815 | D:14     | Reached skill level 15 in Fighting
 26506 | D:14     | Received a gift from Trog
 26994 | D:15     | Entered Level 15 of the Dungeon
 26999 | D:15     | Noticed Louise
 27031 | D:15     | Reached XP level 16. HP: 108/108 MP: 16/16
 27059 | D:15     | Killed Louise
 27234 | D:15     | Found a labyrinth entrance.
 27263 | Lab      | Entered a labyrinth
 28203 | Lab      | Got a slimy shortbow
 29066 | D:15     | Noticed Rupert
 29081 | D:15     | Killed Rupert
 29231 | D:15     | Found a staircase to the Depths.
 29850 | Swamp:1  | Entered Level 1 of the Swamp
 29955 | Swamp:1  | Got a slimy hunting sling
 30714 | Swamp:2  | Noticed a thorn hunter
 30733 | Swamp:2  | Killed a thorn hunter
 30872 | Swamp:2  | Found a transporter.
 30932 | Swamp:2  | Found a transporter.
 31317 | Swamp:2  | Identified the +5 hunting sling "Gargoyle's Regret" {velocity, rF++ rC- MR+++ Dex-4} (You found it on level 1 of the Swamp)
 31319 | Swamp:2  | Got a bound marble ring
 31321 | Swamp:2  | Identified the ring "Kiheel" {Str+9 Int-5 Dex+3} (You found it on level 2 of the Swamp)
 31333 | Swamp:2  | Got a vibrating turquoise ring
 31335 | Swamp:2  | Identified the ring "Miplac" {rF+ rN++ Str+3} (You found it on level 2 of the Swamp)
 31803 | Swamp:3  | Reached skill level 1 in Evocations
 32260 | Swamp:3  | Noticed plantmann's ghost (adept GrFi)
 32283 | Swamp:3  | Killed plantmann's ghost
 32283 | Swamp:3  | Reached skill level 10 in Shields
 32930 | Swamp:4  | Entered Level 4 of the Swamp
 32962 | Swamp:4  | Received a gift from Trog
 33023 | Swamp:4  | Reached XP level 17. HP: 50/115 MP: 19/19
 34944 | Swamp:4  | Got a decaying rune of Zot
 35144 | Spider:1 | Entered Level 1 of the Spider Nest
 35149 | Spider:1 | Noticed Aizul
 35172 | Spider:1 | Killed Aizul
 35376 | Lair:3   | Reached skill level 5 in Evocations
 35431 | Lair:3   | Received a gift from Trog
 35929 | Spider:1 | Noticed Asterion
 35953 | Spider:1 | Killed Asterion
 36285 | Spider:1 | Identified a scroll of acquirement
 36642 | Spider:2 | Received a gift from Trog
 37615 | Spider:3 | Reached skill level 15 in Shields
 37619 | Spider:3 | Reached XP level 18. HP: 120/120 MP: 22/22
 37728 | Spider:3 | Reached skill level 1 in Slings
 37728 | Spider:3 | Reached skill level 1 in Throwing
 37876 | Spider:3 | Noticed Roxanne
 37900 | Spider:3 | Killed Roxanne
 38053 | Spider:3 | Identified Roxanne's Disquisition on Transmutation (You took it off Roxanne on level 3 of the Spider Nest)
 38363 | Spider:3 | Received a gift from Trog
 38912 | Spider:4 | Entered Level 4 of the Spider Nest
 40749 | Spider:4 | Reached skill level 5 in Slings
 41051 | Spider:4 | Reached skill level 5 in Throwing
 41371 | Spider:4 | Got a gossamer rune of Zot
 41829 | Depths:1 | Entered Level 1 of the Depths
 41847 | Depths:1 | Noticed Mara
 42150 | Depths:1 | Killed Mara
 42423 | Depths:1 | Reached XP level 19. HP: 125/125 MP: 25/25
 42570 | Depths:1 | Noticed the Enchantress
 42624 | Depths:2 | Received a gift from Trog
 43278 | Depths:1 | Found a one-way gate to the infinite horrors of the Abyss.
 43365 | Depths:1 | HP: 6/125 [the Enchantress/rapier of distortion (3)]
 43373 | Depths:2 | Blown up by a great orb of eyes

Skill      XL: |  1  2  3  4  5  6  7  8  9 10 11 12 13 14 15 16 17 18 19 |
---------------+----------------------------------------------------------+-----
Dodging        | 2 4 5 6 7 8 9 |  9.6
Shields        | 1 3 5 10 15 | 15.0
Fighting       | 4 5 6 7 9 10 11 12 13 15 16 | 16.0
Maces & Flails | 5 6 9 11 12 13 14 15 16 | 16.9
Armour         | 5 7 9 10 11 12 13 | 13.2
Evocations     | 3 6 8 |  8.9
Slings         | 7 9 |  9.0
Throwing       | 5 6 |  6.3
Stealth        | |  0.4

Action                   |  1- 3 |  4- 6 |  7- 9 | 10-12 | 13-15 | 16-18 | 19-21 || total
-------------------------+-------+-------+-------+-------+-------+-------+-------++-------
Melee: Mace              |    77 |   130 |   615 |  1136 |       |       |       ||  1958
       Flail             |       |       |       |    66 |   310 |       |       ||   376
       Morningstar       |       |       |       |       |  1184 |  1666 |   246 ||  3096
 Fire: Hunting sling     |       |       |       |       |       |    31 |       ||    31
Invok: Berserk           |     1 |     5 |    10 |    15 |     5 |    11 |     2 ||    49
       Trog's Hand       |       |     2 |     3 |     2 |     2 |     2 |     2 ||    13
       Brothers in Arms  |       |       |       |     1 |     1 |     1 |     3 ||     6
 Abil: Evoke Blink       |       |       |       |     3 |       |       |       ||     3
       Fly               |       |       |       |       |     1 |       |       ||     1
  Use: Scroll            |       |     1 |       |     7 |    10 |    11 |     2 ||    31
       Potion            |       |       |       |       |       |       |     5 ||     5
 Stab: Sleeping          |     2 |     1 |       |       |       |       |       ||     3
       Invisible         |       |       |       |     2 |       |       |       ||     2
       Petrifying        |       |       |       |       |     1 |       |       ||     1
       Petrified         |       |       |       |       |     1 |       |       ||     1
       Held in net/web   |       |       |       |       |       |     1 |       ||     1
  Eat: Chunk             |     3 |     8 |    26 |    40 |    58 |    54 |     8 ||   197
       Ration            |       |       |       |     4 |       |     1 |       ||     5
Armor: Animal skin       |    48 |     9 |       |       |       |       |       ||    57
       Scale mail        |       |    74 |   270 |       |       |       |       ||   344
       Plate armour      |       |       |   102 |   165 |       |       |       ||   267
       Chain mail        |       |       |       |   424 |   777 |  1289 |   163 ||  2653
       Troll leather arm |       |       |       |     2 |       |       |       ||     2
Dodge: Dodged            |    72 |    84 |   302 |   441 |   798 |  1167 |   109 ||  2973
Block: Buckler           |     7 |    30 |   115 |   195 |   279 |   352 |       ||   978
       Shield            |       |       |       |       |       |   696 |   192 ||   888
